 Dungeon Crawl Stone Soup version 0.29.1-1-gd02db6906a (webtiles) character file.

Game seed: 4600362950341255482

55 LustLizard the Slasher (level 3, -9/28 HPs)
             Began as a Demonspawn Gladiator on Oct 20, 2022.
             Blown up by Ijyb (19 damage)
             ... with a mindburst bolt
             ... on level 3 of the Dungeon.
             The game lasted 00:01:47 (2311 turns).

LustLizard the Slasher (Demonspawn Gladiator)       Turns: 2311, Time: 00:01:48

Health: -9/28      AC:  6    Str: 14    XL:     3   Next: 67%
Magic:  3/3        EV: 10    Int:  9    God:
Gold:   120        SH:  0    Dex: 16    Spells: 2/2 levels left

rFire   . . .      SeeInvis .   a - +0 long sword
rCold   + . .      Faith    .   (no shield)
rNeg    . . .      Spirit   .   n - +0 scale mail
rPois   .          Reflect  .   (helmet restricted)
rElec   .          Harm     .   (no cloak)
rCorr   .          Rampage  .   (no gloves)
Will    +....                   (no boots)
Stlth   ..........              (no amulet)
HPRegen 0.09/turn               p - ring of willpower
MPRegen 0.08/turn               q - ring of protection from cold

@: no status effects
A: antennae 1, claws 1
a: no special abilities


You were on level 3 of the Dungeon.
You visited 1 branch of the dungeon, and saw 3 of its levels.

You collected 120 gold pieces.

Inventory:

Hand Weapons
 a - a +0 long sword (weapon)
Missiles
 d - 3 throwing nets (quivered)
 e - a javelin
 i - 27 stones
 o - 3 poisoned darts
Armour
 b - a +0 leather armour
 c - a +0 helmet
 k - a +0 ring mail
 n - a +0 scale mail (worn)
Jewellery
 p - a ring of willpower (left claw)
 q - a ring of protection from cold (right claw)
Scrolls
 f - a scroll of identify {unknown}
 j - a scroll of silence {unknown}
 m - a scroll of blinking {unknown}
 r - a scroll of teleportation {unknown}
Potions
 g - a potion of magic {unknown}
 h - 2 potions of lignification {unknown}
 l - 2 potions of curing {unknown}


   Skills:
 + Level 2.5 Fighting
 * Level 3.4 Long Blades
 * Level 2.7 Throwing
 - Level 2.6 Dodging


You had 2 spell levels left.
You didn't know any spells.
Your spell library contained the following spells:

 Spells                   Type           Power      Damage    Failure   Level
 Slow                     Hex            0%         N/A       88%         1
 Confusing Touch          Hex            0%         N/A       99%         3
 Gell's Gravitas          Tloc           0%         N/A       99%         3
 Teleport Other           Tloc           0%         N/A       99%         3
 Vampiric Draining        Necr           0%         2d6       99%         3
 Fulminant Prism          Conj/Hex       0%         3d6       100%        4
 Iskenderun's Mystic Bla  Conj/Tloc      0%         2d3       100%        4
 Lee's Rapid Deconstruct  Erth           0%         3d5*      100%        5
 Dispersal                Tloc           0%         N/A       100%        6


Dungeon Overview and Level Annotations

Branches:
Dungeon (3/15)

Altars:
Gozag

Annotations:
D:3 Ijyb


Innate Abilities, Weirdness & Mutations

You have a pair of small antennae on your head.
You have sharp fingernails.


Message History

You feel sick.
You feel sick.
You feel sick.
You feel sick.
You are no longer poisoned.
Found a stone staircase leading down.
Done exploring.
Done exploring.
Done exploring.
There is a stone staircase leading down here.
You climb downwards.
Found a chain mail.
There is a stone staircase leading up here.
l - 2 yellow potions (gained 1)
A hobgoblin comes into view.
The hobgoblin shouts!
You hear a shout!
Ijyb the Twisted Goblin comes into view.
She is wielding a +0 dagger and carrying a wand of mindburst (14).
You slash the hobgoblin!
You kill the hobgoblin!
An adder comes into view.
Found a stone staircase leading up.
The adder hisses angrily.
You slash Ijyb!
Ijyb is heavily wounded.
Ijyb barely misses you. The adder bites you but does no damage.
You hit Ijyb but do no damage.
Ijyb is heavily wounded.
The adder bites you. Ijyb barely misses you.
You barely miss Ijyb.
Ijyb is heavily wounded.
The adder bites you but does no damage.
A rat comes into view.
Ijyb zaps a wand.
Your mind is blasted!
Ouch! That really hurt!
The adder bites you but does no damage.
You hit Ijyb but do no damage.
Ijyb is heavily wounded.
Ijyb zaps a wand.
Your mind is blasted!
Ouch! That really hurt!
You die...

.........##..##.^##
###.
.................#
##...
####....#.##..####
#.... #...#.. #.##
######.... #.#.#. #.#
#......... #...# #.#
##.###.....
.....##.####......#...
#....##....#####<..
#g@.....#.## ####
r......S######.#
........# #.#
<.......# ..#
......... .##
......### .. ####.. .#
##.


You could see Ijyb, an adder and a rat.

Vanquished Creatures
  2 adders (D:2)
  A worm (D:2)
  A dart slug (D:3)
  3 ball pythons (D:2)
  4 bats
  3 endoplasms (D:1)
  A giant cockroach (D:1)
  4 goblins
  3 hobgoblins
  3 jackals (D:1)
  A frilled lizard (D:1)
  2 kobolds (D:2)
  A rat (D:2)
29 creatures vanquished.

Notes
Turn   | Place    | Note
-------+----------+-------------------------------------------
     0 | D:1      | LustLizard the Demonspawn Gladiator began the quest for the
                  | Orb.
     0 | D:1      | Reached XP level 1. HP: 16/16 MP: 1/1
   192 | D:1      | Discovered your monstrous ancestry.
   192 | D:1      | Gained mutation: You have a pair of small antennae on your
                  | head. [demonic ancestry]
   192 | D:1      | Reached XP level 2. HP: 22/22 MP: 2/2
   376 | D:1      | Reached skill level 3 in Long Blades
   666 | D:1      | Found a faded altar of an unknown god.
  1059 | D:2      | You fall into a shaft and drop 1 floor!
  1211 | D:2      | Gained mutation: You have sharp fingernails. [demonic
                  | ancestry]
  1211 | D:2      | Reached XP level 3. HP: 28/28 MP: 3/3
  1236 | D:2      | HP: 1/28 [poisoned by an adder]
  1932 | D:2      | Found an opulent altar of Gozag.
  2304 | D:3      | Noticed Ijyb
  2311 | D:3      | Blown up by Ijyb

Illustrated notes

Levels and vault maps discovered:
D:1:      minmay_arrival_four_loops, layout_rooms,
          dreamdust_ecumenical_altar_hidden_monk_grotto, minmay_misc_feat_tiny
D:2:      layout_loops_corners, basic_altar
D:3:      layout_rooms, uniq_terence, uniq_ijyb

Skill      XL: |  1  2 |
---------------+-------+-----
Throwing       | 2 |  2.7
Long Blades    | 3 |  3.4
Fighting       | |  2.5
Dodging        | |  2.6

Action                   || total
-------------------------++-------
Melee: Long sword        ||    91
       Punch             ||     1
Armor: Leather armour    ||    10
       Ring mail         ||     7
       Scale mail        ||    27
Dodge: Dodged            ||    49
